 Dungeon Crawl Stone Soup version 0.25-a0-665-ga69d64035b (webtiles) character file.

Game seed: 7335758833344698571, levelgen mode: deterministic

4569 tilp the Fighter (level 10, -3/72 HPs)
             Began as a Halfling Skald on Mar 26, 2020.
             Was a Priest of Okawaru.
             Slain by a three-headed hydra (8 damage)
             ... on level 8 of the Dungeon.
             The game lasted 00:30:12 (11885 turns).

tilp the Fighter (Halfling Skald)                  Turns: 11885, Time: 00:30:13

Health: -3/72      AC: 12    Str: 15    XL:     10   Next: 68%
Magic:  12/25      EV: 21    Int: 12    God:    Okawaru [***...]
Gold:   216        SH:  0    Dex: 17    Spells: 6/17 levels left

rFire    . . .     SeeInvis .   a - +2 short sword (drain)
rCold    . . .     Gourm    .   (shield restricted)
rNeg     . . .     Faith    .   l - +0 leather armour
rPois    .         Spirit   .   c - +0 helmet
rElec    .         Reflect  .   N - +0 cloak
rCorr    .         Harm     .   (no gloves)
MR       .....                  (no boots)
Stlth    +++.......             m - amulet of rage
HPRegen  0.22/turn              h - +3 ring of strength
MPRegen  0.19/turn              f - ring of magical power

@: icy armour, heroism, infused, singing
A: small, mutation resistance 1
a: Heroism, Renounce Religion, Evoke Berserk Rage


You were on level 8 of the Dungeon.
You worshipped Okawaru.
Okawaru was most pleased with you.
You were hungry.

You visited 1 branch of the dungeon, and saw 8 of its levels.

You collected 283 gold pieces.
You spent 67 gold pieces at shops.

Inventory:

Hand Weapons
 a - a +2 short sword of draining (weapon)
 b - a +0 hunting sling
 t - a +0 rapier
 I - the +7 hand axe of Integrity {vorpal, rF++ Str+2 Int-2 Stlth+, unknown}
   (You found it on level 7 of the Dungeon)

   It inflicts extra damage upon your enemies.
   It affects your strength (+2).
   It affects your intelligence (-2).
   It greatly protects you from fire.
   It makes you more stealthy.
 P - a +1 falchion of flaming
Missiles
 e - 178 stones (quivered)
 A - 2 throwing nets
 C - 9 curare-tipped darts
 H - 37 sling bullets
Armour
 c - a +0 helmet (worn)
 l - a +0 leather armour (worn)
 x - a +3 scale mail
 N - a +0 cloak (worn)
Jewellery
 f - a ring of magical power (right hand)
 h - a +3 ring of strength (left hand)
 i - an uncursed ring of see invisible
 m - an amulet of rage (around neck)
 K - an uncursed ring of protection from cold {unknown}
 O - an uncursed amulet of faith {unknown}
Wands
 r - a wand of paralysis (2)
 z - a wand of scattershot (2)
 Q - a wand of flame (22)
Scrolls
 g - a scroll of immolation
 n - a scroll of enchant weapon {unknown}
 p - a scroll of noise {unknown}
 q - 3 scrolls of amnesia
 v - 3 scrolls of teleportation {unknown}
 y - 3 scrolls of remove curse
 F - a scroll of summoning {unknown}
 L - a scroll of fog {unknown}
 M - 4 scrolls of identify
Potions
 j - 4 potions of curing
 k - 2 potions of lignification
 o - 2 potions of stabbing
 s - 2 potions of brilliance {unknown}
 u - a potion of magic {unknown}
 w - a potion of berserk rage {unknown}
 B - a potion of mutation {unknown}
 D - 4 potions of flight {unknown}
 E - a potion of cancellation {unknown}
 G - a potion of haste {unknown}
Comestibles
 d - 16 rations


   Skills:
 + Level 8.3(13.3) Fighting
 - Level 2.4(7.4) Short Blades
 - Level 8.0(13.0) Slings
 - Level 1.1(6.1) Armour
 - Level 4.0(9.0) Dodging
 - Level 4.0 Spellcasting
 - Level 6.0 Charms
 - Level 6.4 Invocations
 - Level 4.2 Evocations


You had 6 spell levels left.
You knew the following spells:

 Your Spells              Type           Power        Failure   Level  Hunger
a - Infusion              Chrm           ###.         2%          1    #......
b - Shroud of Golubria    Chrm/Tloc      #.....       12%         2    ##.....
c - Song of Slaying       Chrm           ###.....     3%          2    ##.....
d - Ozocubu's Armour      Chrm/Ice       #.......     22%         3    ###....
e - Spectral Weapon       Hex/Chrm       #.......     22%         3    ###....

Your spell library contained the following spells:

 Spells                   Type           Power        Failure   Level  Hunger
 Haunt                    Necr/Summ      #.........   100%        7    #######
 Borgnjor's Revivificati  Necr           #.........   100%        8    #######
 Death's Door             Chrm/Necr      #.........   100%        8    #######
 Infestation              Necr           #.........   100%        8    #######
 Necromutation            Tmut/Necr      #.........   100%        8    #######


Dungeon Overview and Level Annotations

Branches:
Dungeon (8/15)             Temple (0/1) D:5
   Lair: D:8-11

Altars:
Ashenzari
Cheibriados
Dithmenos
Fedhas
Kikubaaqudgha
Makhleb
Nemelex Xobeh
Okawaru
Qazlal
Ru
Vehumet

Shops:
D:8 *


Innate Abilities, Weirdness & Mutations

You are small and have problems with some larger weapons.
You are somewhat resistant to further mutation.


Message History

The three-headed hydra misses you.
You puncture the three-headed hydra!
The three-headed hydra is moderately wounded.
The three-headed hydra misses you. The three-headed hydra bites you.
* * * LOW HITPOINT WARNING * * *
The three-headed hydra closely misses you.
You hit the three-headed hydra.
The three-headed hydra is heavily wounded.
The three-headed hydra bites you!
* * * LOW HITPOINT WARNING * * *
The three-headed hydra closely misses you.
The three-headed hydra bites you but does no damage.
You hit the three-headed hydra! You drain the three-headed hydra.
The three-headed hydra is heavily wounded.
You feel better.
The three-headed hydra completely misses you.
The three-headed hydra bites you!
* * * LOW HITPOINT WARNING * * *
The three-headed hydra bites you!
You die...

#............+..##....#######..
###'#######.....##....#.....#..
#........#.....'.....#.....#>.
#........'.....#.....#.....#..
#........#.....#.....#.)...#..
#........#.....#.....#...§.#..
#........#(....#.....#.§#§##..
#...##.###############§#§§§##'
######.###.KD@P≈PP#...#§#§#.#.
#........#%.#≈≈≈≈P#)..§§._§§§.
#........#+##P≈P.≈#..§#§#§#.#.
#........#..#.....#...##§§§#..
#........#..'....≈....###§#...
##########..'..P..#...# #.....
#..'....≈##### ######
#..#.....# ##########


You could see a three-headed hydra and a big kobold.

Vanquished Creatures
  A two-headed ogre (D:8)
  An ugly thing (D:8)
  Prince Ribbit (D:7)
  2 dream sheep (D:8)
  2 yaks (D:8)
  A sky beast (D:7)
  6 ogres
  3 centaurs
  2 big kobolds (D:8)
  3 bullfrogs
  A water moccasin zombie (D:8)
  A scorpion (D:6)
  A water moccasin skeleton (D:7)
  7 wights
  2 crimson imps
  A bullfrog zombie (D:6)
  5 hounds
  A jelly (D:8)
  4 orc priests
  A bullfrog skeleton (D:7)
  3 orc wizards (D:5)
  Ijyb (D:5)
  3 iguanas
  6 worker ants
  A hound zombie (D:8)
  A hound skeleton (D:2)
  A mummy (D:6)
  A worker ant zombie (D:5)
  5 adders
  6 gnolls
  A howler monkey skeleton (D:7)
  A shadow imp (D:7)
  An ooze (D:3)
  2 adder skeletons
  2 worms (D:2)
  3 dart slugs
  7 leopard geckos
  17 orcs
  4 bats
  A bat skeleton (D:2)
  A bat zombie (D:2)
  4 giant cockroaches
  7 goblins
  5 hobgoblins
  10 jackals
  8 kobolds
  5 quokkas
  4 ball pythons
  A ball python skeleton (D:2)
  8 frilled lizards
  A giant cockroach zombie (D:2)
  A jackal skeleton (D:2)
  2 leopard gecko skeletons
  A quokka zombie (D:2)
  6 rats
177 creatures vanquished.

Notes
Turn   | Place    | Note
-------+----------+-------------------------------------------
     0 | D:1      | tilp the Halfling Skald began the quest for the Orb.
     0 | D:1      | Reached XP level 1. HP: 14/14 MP: 3/3
    50 | D:1      | You fall into a shaft and drop 1 floor!
   242 | D:2      | Reached XP level 2. HP: 19/19 MP: 4/4
   246 | D:2      | Learned a level 2 spell: Shroud of Golubria
   693 | D:2      | Reached XP level 3. HP: 11/25 MP: 1/6
  1058 | D:1      | Learned a level 2 spell: Song of Slaying
  1722 | D:1      | Reached XP level 4. HP: 30/30 MP: 7/7
  2601 | D:3      | Reached XP level 5. HP: 36/36 MP: 4/8
  2613 | D:3      | Reached skill level 1 in Slings
  2680 | D:3      | Found an ancient bone altar of Kikubaaqudgha.
  3532 | D:4      | Noticed an ogre
  3657 | D:4      | Reached XP level 6. HP: 30/43 MP: 9/9
  3869 | D:4      | Killed an ogre
  3869 | D:4      | Reached skill level 5 in Slings
  4200 | D:4      | Found a blossoming altar of Fedhas.
  4209 | D:4      | Noticed an ogre
  4210 | D:4      | Noticed an ogre
  4527 | D:4      | Killed an ogre
  4527 | D:4      | Reached XP level 7. HP: 48/48 MP: 8/10
  4853 | D:4      | Found a shattered altar of Ashenzari.
  4856 | D:4      | Found an iron altar of Okawaru.
  4983 | D:4      | Became a worshipper of Warmaster Okawaru
  5000 | D:5      | Entered Level 5 of the Dungeon
  5036 | D:5      | Found a staircase to the Ecumenical Temple.
  5106 | D:5      | Found a sacrificial altar of Ru.
  5188 | D:5      | Found a radiant altar of Vehumet.
  5310 | D:5      | Noticed Ijyb
  5939 | D:5      | Reached XP level 8. HP: 46/54 MP: 8/11
  6029 | D:5      | Reached skill level 5 in Fighting
  6040 | D:5      | Killed Ijyb
  6253 | D:5      | Found a sparkling altar of Nemelex Xobeh.
  6970 | D:6      | Reached skill level 1 in Invocations
  7036 | D:6      | Reached skill level 1 in Evocations
  7131 | D:6      | Found a snail-covered altar of Cheibriados.
  7177 | D:6      | Reached * piety under Okawaru
  7841 | D:6      | Reached XP level 9. HP: 21/62 MP: 12/12
  8993 | D:7      | Noticed Prince Ribbit
  9119 | D:7      | Reached ** piety under Okawaru
  9154 | D:7      | Got a brightly glowing hand axe
  9224 | D:7      | Reached skill level 5 in Charms
  9963 | D:7      | Killed Prince Ribbit
 10138 | D:8      | Found a burning altar of Makhleb.
 10209 | D:8      | Found Juoniyn's General Store.
 10214 | D:8      | Bought a +0 cloak for 67 gold pieces
 10223 | D:8      | Learned a level 3 spell: Ozocubu's Armour
 10227 | D:8      | Learned a level 3 spell: Spectral Weapon
 10598 | D:8      | Noticed a green ugly thing
 10612 | D:8      | Killed a green ugly thing
 10612 | D:8      | Reached XP level 10. HP: 68/69 MP: 16/16
 10617 | D:8      | Reached *** piety under Okawaru
 10670 | D:8      | Reached skill level 5 in Invocations
 10701 | D:8      | Found a shadowy altar of Dithmenos.
 11419 | D:8      | Noticed a two-headed ogre
 11431 | D:8      | Killed a two-headed ogre
 11478 | D:8      | Found a stormy altar of Qazlal.
 11872 | D:8      | Noticed a three-headed hydra
 11885 | D:8      | Slain by a three-headed hydra

Levels and vault maps discovered:
D:1:      erik_arrival_cave_to_civilisation [erik_arrival_cave_to_hall],
          layout_basic, minivault_26
D:2:      layout_basic, serial_undead, serial_undead_f, serial_undead_e,
          serial_undead_f, serial_undead_b, serial_undead_d, serial_undead_d
D:3:      layout_basic, nicolae_overflow_crystal_walls
D:4:      layout_rooms, gammafunk_temple_overflow_pools, fedhas_altar_2
D:5:      layout_layer_cave, nicolae_ru_awakened_eye,
          chequers_temple_overflow_statue_of_worship,
          minmay_temple_entry_offerings, first_ration, uniq_ijyb
D:6:      layout_gridville, slow_altar_1, serial_glass, glass_columns_c,
          glass_columns_b, glass_columns_a, glass_columns_a, glass_columns_a,
          glass_columns_b, item_on_display_a
D:7:      layout_rooms, uniq_prince_ribbit1
D:8:      layout_gridville, lemuel_doored_altar,
          nicolae_qazlal_eye_of_the_storm, grunt_dithmenos_smoke_and_mirrors,
          serial_shops, kennysheep_little_box, hangedman_ranch
          [blue_anna_fruit_fields]

Skill      XL: |  1  2  3  4  5  6  7  8  9 10 |
---------------+-------------------------------+-----
Fighting       | 2 3 4 6 8 |  8.3
Spellcasting   | 2 4 |  4.0
Charms         | 4 6 |  6.0
Slings         | 3 6 7 8 |  8.0
Dodging        | 3 4 |  4.0
Invocations    | 3 4 6 |  6.4
Evocations     | 3 4 |  4.2
Short Blades   | |  2.4
Armour         | |  1.1

Action                   |  1- 3 |  4- 6 |  7- 9 | 10-12 || total
-------------------------+-------+-------+-------+-------++-------
Melee: Short sword       |    97 |   110 |   264 |    84 ||   555
 Fire: Hunting sling     |       |    97 |   323 |    20 ||   440
Throw: Stone             |    28 |     2 |     1 |     1 ||    32
       Dart              |       |       |     5 |       ||     5
 Cast: Infusion          |    15 |     4 |    18 |     7 ||    44
       Shroud of Golubri |     6 |     5 |     8 |     5 ||    24
       Ozocubu's Armour  |       |       |       |     3 ||     3
       Song of Slaying   |       |       |       |     2 ||     2
Invok: Heroism           |       |       |     2 |     2 ||     4
Evoke: Wand              |       |       |     3 |     2 ||     5
  Use: Scroll            |       |     3 |     3 |       ||     6
       Potion            |       |       |       |     1 ||     1
 Stab: Distracted        |     1 |       |       |       ||     1
       Paralysed         |       |       |     8 |       ||     8
  Eat: Chunk             |     3 |    10 |    16 |     5 ||    34
       Ration            |       |       |     1 |       ||     1
Armor: Leather armour    |    20 |    33 |    52 |    18 ||   123
Dodge: Dodged            |    55 |   126 |   244 |    64 ||   489

Table legend:
 A = Non-vault XP
 B = Vault XP
 C = Vault XP percentage of total XP
 D = Non-vault monster count
 E = Vault monster count
 F = Vault count percentage of total count
                 A         B        C        D         E       F
            +---------+---------+-------+---------+---------+-------
      Total |    5035 |    1493 |  22.9 |     159 |      18 |  10.2
            +---------+---------+-------+---------+---------+-------
        D:1 |      36 |       0 |   0.0 |      21 |       0 |   0.0
        D:2 |      62 |      33 |  34.7 |      18 |       9 |  33.3
        D:3 |     121 |       0 |   0.0 |      22 |       0 |   0.0
        D:4 |     530 |       0 |   0.0 |      18 |       0 |   0.0
        D:5 |     430 |      36 |   7.7 |      28 |       1 |   3.4
        D:6 |    1032 |      18 |   1.7 |      21 |       1 |   4.5
        D:7 |     745 |     277 |  27.1 |      12 |       1 |   7.7
        D:8 |    2079 |    1129 |  35.2 |      19 |       6 |  24.0
            +---------+---------+-------+---------+---------+-------
